[Event "Titled Tuesday Blitz May 10 Early 2022"]
[White "Markelova, Lubov"]
[Black "Derraugh, Geordie"]
[WhiteFideId "24131369"]
[BlackFideId "2603950"]
[WhiteElo "1863"]
[BlackElo "2116"]
[Result "0-1"]
[Round "07"]
[TimeControl "180+1"]
[Date "2022.05.11"]
[WhiteClock "0:00:10"]
[BlackClock "0:00:12"]

1. Nf3 c5 2. c4 Nc6 3. Nc3 e5 4. g3 g6 5. Bg2 Bg7 6. O-O Nge7 7. a3 O-O 8. Rb1 d5 9. cxd5 Nxd5 10. Nxd5 Qxd5 11. d3 Qd6 12. Nd2 Be6 13. Ne4 Qe7 14. Be3 Nd4 15. Bxd4 exd4 16. Rc1 Rac8 17. f4 Rfe8 18. Bf3 Bd5 19. Qa4 b6 20. b4 c4 21. Nf6+ Bxf6 22. Bxd5 Qe3+ 23. Kh1 Qxe2 24. Bxc4 Rxc4 25. dxc4 Qe4+ 26. Kg1 d3 27. h4 Bd4+ 28. Kh2 Qe2+ 29. Kh3 h5 30. Qd1 Qe6+ 31. Kh2 Qf5 32. Rg1 Bxg1+ 33. Kxg1 Re2 34. Qf1 Qg4 0-1


[Site "https://www.chess.com"]

[Event "Titled Tuesday Blitz May 10 Early 2022"]
[White "Martic, Ivan"]
[Black "Martinez Alcantara, Jose Eduardo"]
[WhiteFideId "929301"]
[BlackFideId "3805662"]
[WhiteElo "2317"]
[BlackElo "2690"]
[Result "0-1"]
[Round "07"]
[TimeControl "180+1"]
[Date "2022.05.11"]
[WhiteClock "0:00:12"]
[BlackClock "0:02:03"]

1. d4 g6 2. e4 Bg7 3. Nc3 d6 4. Be3 a6 5. h4 h5 6. Qd2 b5 7. Nh3 b4 8. Nd1 a5 9. a3 Nf6 10. f3 bxa3 11. Rxa3 O-O 12. Bh6 Bxh3 13. Rxh3 Nc6 14. c3 a4 15. Bb5 Na5 16. Bxg7 Kxg7 17. Rxa4 c6 18. Bd3 Nb3 19. Rxa8 Qxa8 20. Qg5 Nh7 21. Qe3 e5 22. dxe5 dxe5 23. Bc4 Qa4 24. Bxb3 Qxb3 25. Qd2 Qb6 26. Ne3 Rd8 27. Qe2 Qa7 28. Kf2 Nf8 29. Kg3 Ne6 30. Rh1 Nf4 31. Qf2 Kh7 32. Kh2 Rd3 33. Re1 Qd7 34. Nc4 Qe7 35. g3 Qe6 36. b3 Qh3+ 37. Kg1 Rxc3 38. gxf4 Rxf3 39. Qh2 Qg4+ 40. Kh1 Rh3 41. Rf1 Qxh4 42. Qxh3 Qxh3+ 43. Kg1 exf4 44. e5 f3 45. Rf2 g5 46. Nd6 Qg3+ 47. Kf1 Qxe5 48. Nxf7 Qa1# 0-1


[Site "https://www.chess.com"]

[Event "Titled Tuesday Blitz May 10 Early 2022"]
[White "Martin Carmona, Gaston Manuel"]
[Black "Atakhan, Abtin"]
[WhiteFideId "22284567"]
[BlackFideId "22502203"]
[WhiteElo "2162"]
[BlackElo "2094"]
[Result "0-1"]
[Round "07"]
[TimeControl "180+1"]
[Date "2022.05.11"]
[WhiteClock "0:00:12"]
[BlackClock "0:00:08"]

1. e4 c5 2. Nf3 Nc6 3. d4 cxd4 4. Nxd4 g6 5. c4 Nf6 6. Be3 d6 7. f3 Qb6 8. Qd2 Qd8 9. Nc3 Bg7 10. Be2 O-O 11. O-O Bd7 12. Rab1 a5 13. b3 Nxd4 14. Bxd4 Bc6 15. Rfc1 Nd7 16. Be3 Nc5 17. Bf1 f5 18. exf5 Rxf5 19. Re1 Qf8 20. f4 e5 21. Nd5 Kh8 22. g4 Rf7 23. Bg2 exf4 24. Nxf4 Ne4 25. Qc1 Re8 26. Nd5 Bxd5 27. cxd5 Nc3 28. Rb2 Nb5 29. Rf2 Rxe3 30. Rxe3 Rxf2 31. Qe1 Bd4 32. Qxf2 Qxf2+ 33. Kxf2 Nc3 34. Bf3 Nxa2 35. Ke2 Nc1+ 36. Kd2 Bxe3+ 37. Kxe3 Nxb3 38. Kd3 b5 39. Kc3 Nc5 40. Kd4 a4 41. Bd1 a3 42. Kc3 Kg7 43. Bc2 Kf6 44. h4 h6 45. Kb4 g5 46. hxg5+ Kxg5 47. Kxa3 Kxg4 48. Kb4 h5 49. Kxb5 Kf4 50. Kc6 Ke5 51. Bd1 h4 52. Bf3 h3 53. Bh1 h2 54. Bg2 Nd3 55. Bh1 Ne1 56. Kc7 Nd3 57. Kc6 Nf2 58. Bf3 h1=Q 59. Bxh1 Nxh1 0-1


[Site "https://www.chess.com"]

[Event "Titled Tuesday Blitz May 10 Early 2022"]
[White "Martin Duque, Jesus"]
[Black "Itkis, Boris"]
[WhiteFideId "2208954"]
[BlackFideId "1209167"]
[WhiteElo "2243"]
[BlackElo "2207"]
[Result "1-0"]
[Round "07"]
[TimeControl "180+1"]
[Date "2022.05.11"]
[WhiteClock "0:02:30"]
[BlackClock "0:01:42"]

1. Nf3 Nf6 2. b3 d6 3. d4 g6 4. Bb2 Bg7 5. g3 O-O 6. Bg2 Nbd7 7. O-O c5 8. c4 Rb8 9. Nc3 b6 10. d5 a6 11. a4 Qc7 12. e4 Nxe4 13. Qc2 Nxc3 14. Bxc3 Bxc3 15. Qxc3 b5 16. axb5 axb5 17. Rfe1 Nf6 18. cxb5 Rxb5 19. Nd4 Rb7 20. Nc6 Re8 21. Nxe7+ Rxe7 22. Qxf6 Ra7 23. Rxe7 Rxa1+ 24. Bf1 1-0


[Site "https://www.chess.com"]

[Event "Titled Tuesday Blitz May 10 Early 2022"]
[White "Melikyan, Gnel"]
[Black "Nilsen, Tobias Lang"]
[WhiteFideId "54109990"]
[BlackFideId "1521624"]
[WhiteElo "1772"]
[BlackElo "2014"]
[Result "0-1"]
[Round "07"]
[TimeControl "180+1"]
[Date "2022.05.11"]
[WhiteClock "0:00:31"]
[BlackClock "0:01:44"]

1. b3 e5 2. Bb2 Nc6 3. d3 Bb4+ 4. c3 Be7 5. Nf3 Nf6 6. g3 d5 7. Bg2 O-O 8. O-O e4 9. Nd4 Nxd4 10. cxd4 exd3 11. Qxd3 c6 12. Nd2 Re8 13. Rfe1 Ne4 14. Nxe4 dxe4 15. Bxe4 h6 16. Rad1 Bf6 17. Bc3 Bg4 18. Bf5 Bxf5 19. Qxf5 Qd5 20. Qxd5 cxd5 21. e3 Rac8 22. Rc1 Rc6 23. Bb2 Rec8 24. Rxc6 Rxc6 25. Rc1 Ra6 26. a3 Rb6 27. b4 a5 28. Bc3 a4 29. Bd2 Rc6 30. Rc5 Rxc5 31. bxc5 Kf8 32. Kf1 Ke8 33. Ke2 Kd7 34. Kd3 Kc6 35. e4 Bd8 36. Bf4 h5 37. Bd6 g5 38. Be5 g4 39. Bd6 Bg5 40. Bf4 Bf6 41. Bd2 Bd8 42. Bb4 Bg5 43. Ba5 Bc1 44. Bb4 Bg5 45. e5 Kb5 46. Bc3 Bc1 47. Bb4 Bg5 48. Be1 Bc1 49. Bb4 Bb2 50. f4 gxf3 51. Ke3 Bxd4+ 52. Kxf3 Bxc5 53. Bxc5 Kxc5 54. g4 hxg4+ 55. Kxg4 d4 56. Kf3 Kd5 57. Kf4 d3 58. Ke3 Kxe5 59. Kxd3 Kf4 60. Kd4 Kg4 61. Ke5 Kg5 62. Ke4 f5+ 63. Kf3 b5 64. Kg3 b4 65. axb4 a3 0-1


[Site "https://www.chess.com"]

[Event "Titled Tuesday Blitz May 10 Early 2022"]
[White "Meshkovs, Nikita"]
[Black "Jobava, Baadur"]
[WhiteFideId "11602740"]
[BlackFideId "13601520"]
[WhiteElo "2506"]
[BlackElo "2617"]
[Result "0-1"]
[Round "07"]
[TimeControl "180+1"]
[Date "2022.05.10"]
[WhiteClock "0:00:07"]
[BlackClock "0:01:43"]

1. d4 d5 2. c4 c6 3. cxd5 cxd5 4. Nc3 Nf6 5. Bf4 Nc6 6. e3 a6 7. Bd3 Bg4 8. f3 Bd7 9. Rc1 e6 10. Nge2 Nh5 11. Bg3 Nxg3 12. hxg3 g6 13. a3 Rc8 14. Na4 Bd6 15. Nc5 Qb6 16. b4 Ne7 17. g4 Bc6 18. f4 Qd8 19. Kf2 Rc7 20. Ng1 Ng8 21. Nf3 Nf6 22. Ne5 Bb5 23. g5 Bxd3 24. Qxd3 Bxc5 25. dxc5 Ne4+ 26. Kg1 O-O 27. Qd4 Ng3 28. Kf2 Nxh1+ 29. Rxh1 f6 30. gxf6 Qxf6 31. Ke2 Qf5 32. Kd2 Qe4 33. Qxe4 dxe4 34. Kc3 Rd8 35. g4 Kg7 36. g5 b6 37. c6 Rd5 38. a4 b5 39. axb5 axb5 40. Ra1 Rxe5 41. fxe5 Rxc6+ 42. Kd4 Rc4# 0-1


[Site "https://www.chess.com"]

[Event "Titled Tuesday Blitz May 10 Early 2022"]
[White "Migot, Tangi"]
[Black "Gallego Alcaraz, Andres Felipe"]
[WhiteFideId "662445"]
[BlackFideId "4402669"]
[WhiteElo "2521"]
[BlackElo "2340"]
[Result "0-1"]
[Round "07"]
[TimeControl "180+1"]
[Date "2022.05.11"]
[WhiteClock "0:00:02"]
[BlackClock "0:01:15"]

1. Nf3 Nf6 2. g3 g6 3. Bg2 Bg7 4. O-O O-O 5. d4 d5 6. Nc3 c6 7. Bf4 Ne4 8. Nxe4 dxe4 9. Ne5 f6 10. Nc4 f5 11. Be5 Be6 12. Bxg7 Kxg7 13. Ne3 Nd7 14. c4 Nf6 15. Qd2 Qb6 16. Rad1 Rfd8 17. Qc3 a5 18. d5 cxd5 19. cxd5 Bf7 20. g4 Rac8 21. Qe5 Qd6 22. Qxd6 Rxd6 23. gxf5 g5 24. b3 Rc5 25. Rd4 h6 26. Rfd1 Rb6 27. Nc4 Rb4 28. d6 exd6 29. Nxd6 Rxd4 30. Rxd4 Rc1+ 31. Bf1 Bh5 32. Kg2 e3 33. fxe3 Ng4 34. Re4 Nxh2 35. Re7+ Kf8 36. f6 Nxf1 37. Rxb7 Nxe3+ 38. Kf2 Rf1+ 39. Kxe3 Rxf6 40. Ne4 Re6 41. Rb8+ Kg7 42. Kd4 Bg6 43. Nc5 Rxe2 44. Rb7+ Bf7 45. Ne4 Rxa2 46. Nd6 Rf2 47. Ra7 h5 48. Rxa5 Kg6 49. b4 h4 50. Ne4 Rf5 51. Ra6+ Kg7 52. Nd6 Rf4+ 53. Kc5 h3 54. Ra2 g4 55. Rh2 Be6 56. b5 g3 57. Rh1 g2 58. Rg1 Rg4 59. b6 h2 60. b7 hxg1=Q+ 0-1


[Site "https://www.chess.com"]

[Event "Titled Tuesday Blitz May 10 Early 2022"]
[White "Mirzoev, Azer"]
[Black "Danaci, Ege"]
[WhiteFideId "13400304"]
[BlackFideId "34506748"]
[WhiteElo "2525"]
[BlackElo "1799"]
[Result "1-0"]
[Round "07"]
[TimeControl "180+1"]
[Date "2022.05.11"]
[WhiteClock "0:01:27"]
[BlackClock "0:01:52"]

1. c4 Nf6 2. Nc3 g6 3. e4 Bg7 4. d4 O-O 5. f3 d6 6. Bg5 c5 7. d5 e6 8. Qd2 exd5 9. cxd5 a6 10. a4 Qa5 11. Ra3 Nbd7 12. Nh3 Ne5 13. Nf2 h6 14. Bxh6 c4 15. Bxg7 Kxg7 16. Be2 Qc5 17. a5 Bd7 18. O-O Bb5 19. f4 Nd3 20. Bxd3 cxd3 21. Nxb5 Qxb5 22. Qxd3 Qxb2 23. Rb1 1-0


[Site "https://www.chess.com"]

[Event "Titled Tuesday Blitz May 10 Early 2022"]
[White "Miszler, Levente"]
[Black "Petre, Nad-Titus"]
[WhiteFideId "763276"]
[BlackFideId "1204165"]
[WhiteElo "1966"]
[BlackElo "2354"]
[Result "0-1"]
[Round "07"]
[TimeControl "180+1"]
[Date "2022.05.11"]
[WhiteClock "0:00:07"]
[BlackClock "0:00:07"]

1. Nf3 Nf6 2. c4 g6 3. g3 Bg7 4. Bg2 O-O 5. O-O c6 6. b3 Ne4 7. d4 d5 8. Bb2 Qb6 9. Qc2 Bf5 10. Qc1 Nd7 11. Nbd2 Rac8 12. Nxe4 dxe4 13. Ne5 Nxe5 14. dxe5 Rfd8 15. Qf4 a5 16. Bxe4 Bxe4 17. Qxe4 a4 18. Qc2 Qc5 19. Qc3 a3 20. b4 Qa7 21. Bxa3 Bxe5 22. Qxe5 Qxa3 23. Qxe7 b5 24. cxb5 cxb5 25. e3 Re8 26. Qd6 Red8 27. Qf4 Rc4 28. Qf6 Rd2 29. Rfd1 Qxb4 30. Qe5 Rcc2 31. Rac1 Qc4 32. Rxd2 Rxc1+ 33. Kg2 Qc6+ 34. e4 f6 35. Rd8+ Kf7 36. Qd5+ Qxd5 37. Rxd5 Rc2 38. Rxb5 Rxa2 39. Rb7+ Kg8 40. Kf3 Ra4 41. h4 Ra2 42. Kf4 Rxf2+ 43. Ke3 Rg2 44. Kf3 Rg1 45. Rc7 Rf1+ 46. Kg2 Re1 47. Kf3 Rh1 48. Kg4 Re1 49. Kf4 Rf1+ 50. Ke3 Rg1 51. Kf3 Rd1 52. g4 Rd3+ 53. Kf4 Rh3 54. h5 gxh5 55. gxh5 Rxh5 56. Kg4 Re5 57. Kf4 Rg5 58. Rb7 Rg7 59. Rb8+ Kf7 60. Rb7+ Kg6 61. Rb8 h5 62. Rh8 Rh7 63. Rg8+ Kf7 64. Rg3 h4 65. Rh3 Kg6 66. Kg4 Re7 67. Kf4 Rh7 68. Kg4 Re7 69. Rxh4 Ra7 70. Kf4 Ra1 71. Rg4+ Kf7 72. Rg1 Rxg1 73. Kf3 Rf1+ 74. Ke3 Re1+ 75. Kf4 Ra1 76. Ke3 Ra3+ 77. Kf4 Ke6 0-1


[Site "https://www.chess.com"]

[Event "Titled Tuesday Blitz May 10 Early 2022"]
[White "Molina, Roberto Junio Brito"]
[Black "Piesik, Piotr"]
[WhiteFideId "2109450"]
[BlackFideId "1136194"]
[WhiteElo "2432"]
[BlackElo "2190"]
[Result "1/2-1/2"]
[Round "07"]
[TimeControl "180+1"]
[Date "2022.05.10"]
[WhiteClock "0:00:13"]
[BlackClock "0:00:09"]

1. d4 c5 2. d5 e5 3. e4 d6 4. Be2 Be7 5. Bg4 Nd7 6. Nc3 a6 7. a4 Bg5 8. Bxg5 Qxg5 9. h4 Qe7 10. Nge2 Ngf6 11. Bf3 Nf8 12. Qd2 h5 13. g3 Ng4 14. Bg2 f5 15. f3 Nf6 16. O-O-O fxe4 17. Nxe4 Nxe4 18. fxe4 b5 19. Qa5 Qd8 20. Qxd8+ Kxd8 21. Rdf1 Ke7 22. Nc3 Bd7 23. axb5 axb5 24. Kd2 b4 25. Nd1 Nh7 26. Bf3 Nf6 27. Ne3 Ra2 28. b3 g6 29. Ra1 Rha8 30. Rxa2 Rxa2 31. Re1 Bg4 32. Bg2 Ra8 33. Nc4 Bd7 34. Bf1 Rf8 35. Bd3 Ng4 36. Ne3 Rf3 37. Nxg4 Bxg4 38. Rg1 Kf6 39. Rg2 g5 40. Be2 Rc3 41. Rf2+ Kg6 42. Bd3 gxh4 43. gxh4 Kg7 44. Rf1 Bd7 45. Ra1 Kf8 46. Ra8+ Ke7 47. Rh8 Bg4 48. Rh7+ Kd8 49. Rg7 Ke8 50. Ra7 Kd8 51. Ra6 Ke7 52. Ra7+ Kd8 53. Ra1 Ke7 54. Rf1 Bd7 55. Rf2 Bg4 56. Rg2 Kf6 57. Rg1 Ke7 58. Ra1 Kd8 59. Ra7 Bd7 60. Ra8+ Ke7 61. Rg8 Bg4 62. Rg5 Kf7 63. Ke3 Bd1 64. Rg2 Bg4 65. Rf2+ Ke7 66. Rf1 Ke8 67. Rf6 Ke7 68. Rf1 Ke8 69. Rg1 Ke7 70. Kd2 Kd7 71. Rg2 Ke7 72. Rf2 Ke8 73. Rf6 Ke7 74. Rh6 Kd7 75. Rh7+ Kd8 76. Rg7 Ke8 77. Rg5 Kf7 78. Kc1 Ke8 79. Rg7 Kd8 80. Kd2 1/2-1/2


[Site "https://www.chess.com"]

[Event "Titled Tuesday Blitz May 10 Early 2022"]
[White "Morefield, Jason"]
[Black "Olsen, Filip Boe"]
[WhiteFideId "30920825"]
[BlackFideId "1440640"]
[WhiteElo "2171"]
[BlackElo "2247"]
[Result "0-1"]
[Round "07"]
[TimeControl "180+1"]
[Date "2022.05.11"]
[WhiteClock "0:00:03"]
[BlackClock "0:00:12"]

1. e4 c5 2. Nf3 d6 3. d4 cxd4 4. Nxd4 Nf6 5. Nc3 a6 6. h3 e5 7. Nde2 h5 8. Bg5 Be6 9. Ng3 Be7 10. Be2 Nbd7 11. O-O g6 12. Qd2 O-O 13. Rfd1 b5 14. a3 Rc8 15. Bf3 Rc6 16. Rac1 Qc7 17. Nd5 Bxd5 18. exd5 Rc4 19. c3 Rc8 20. Kh1 Qd8 21. Be2 R4c5 22. Bf3 Nb6 23. b3 Nh7 24. Be3 Bg5 25. Bxg5 Nxg5 26. Qe3 Nxf3 27. Qxf3 f5 28. Nf1 Qf6 29. b4 e4 30. Qe3 Nc4 31. Qe1 R5c7 32. a4 Nb2 33. axb5 axb5 34. Rd2 Nd3 35. Rxd3 exd3 36. Qd2 Rxc3 37. Rd1 Qd4 38. Qg5 Kh7 39. Qe7+ Kh6 40. Qxd6 Qxf2 41. Ng3 Rc2 42. Rg1 h4 43. Nf1 d2 44. Qe5 d1=Q 45. d6 Qxg2+ 46. Rxg2 Qxf1+ 47. Rg1 Qxh3+ 48. Qh2 Qxh2# 0-1


[Site "https://www.chess.com"]

[Event "Titled Tuesday Blitz May 10 Early 2022"]
[White "Msellek, Ilyass"]
[Black "Samunenkov, Ihor"]
[WhiteFideId "675938"]
[BlackFideId "14187086"]
[WhiteElo "2221"]
[BlackElo "2409"]
[Result "0-1"]
[Round "07"]
[TimeControl "180+1"]
[Date "2022.05.11"]
[WhiteClock "0:00:03"]
[BlackClock "0:00:06"]

1. d4 Nf6 2. Bg5 e6 3. e4 h6 4. Bxf6 Qxf6 5. c3 d6 6. Nf3 g6 7. Bd3 Bg7 8. O-O O-O 9. Nbd2 Qe7 10. a4 a5 11. Re1 Nd7 12. Bf1 b6 13. h3 Bb7 14. Rc1 d5 15. e5 c5 16. Bb5 Rac8 17. Nf1 Bc6 18. Qb3 c4 19. Qd1 Bxb5 20. axb5 Ra8 21. Ra1 Rfc8 22. g4 g5 23. Ng3 Nf8 24. Nh5 Ng6 25. Nh2 Qd7 26. Qa4 Nf4 27. Nxf4 gxf4 28. Nf3 Bf8 29. Kf1 Be7 30. Ke2 Kf8 31. h4 Ke8 32. g5 hxg5 33. hxg5 Kd8 34. Rh1 Kc7 35. Rh7 Qe8 36. Rah1 Qg8 37. Qc2 Kd7 38. R1h6 Re8 39. g6 fxg6 40. Qxg6 Qxg6 41. Rxg6 a4 42. Rhh6 Bf8 43. Rh7+ Re7 44. Rxe7+ Bxe7 45. Rg7 a3 46. bxa3 Rxa3 47. Nh4 Ke8 48. Ng6 Bd8 49. Nxf4 Rxc3 50. Nxe6 Rc2+ 51. Ke1 Be7 52. f4 Bb4+ 53. Kd1 c3 54. f5 Rd2+ 55. Kc1 Ba3+ 56. Kb1 c2+ 57. Ka2 c1=Q+ 58. Kb3 Qb2+ 59. Ka4 Qb4# 0-1


[Site "https://www.chess.com"]

[Event "Titled Tuesday Blitz May 10 Early 2022"]
[White "Nagy, Gabor"]
[Black "Khabinets, Ivan"]
[WhiteFideId "737119"]
[BlackFideId "14115980"]
[WhiteElo "2569"]
[BlackElo "2114"]
[Result "1-0"]
[Round "07"]
[TimeControl "180+1"]
[Date "2022.05.11"]
[WhiteClock "0:02:22"]
[BlackClock "0:01:47"]

1. e4 e5 2. Nf3 Nc6 3. Bb5 a6 4. Ba4 Nf6 5. d4 Nxe4 6. O-O Be7 7. d5 Nc5 8. Bb3 Nxb3 9. axb3 Nd4 10. Nxe5 Nf5 11. Nc3 O-O 12. Re1 Re8 13. Nxf7 Kxf7 14. Qh5+ g6 15. Qxh7+ Ng7 16. Bh6 Bf6 17. Ne4 Re7 18. Ng5+ Bxg5 19. Qxg7+ Ke8 20. Qg8# 1-0


[Site "https://www.chess.com"]

[Event "Titled Tuesday Blitz May 10 Early 2022"]
[White "Nakamura, Hikaru"]
[Black "talman67"]
[WhiteFideId "2016192"]
[WhiteElo "2850"]
[BlackElo "2340"]
[Result "1/2-1/2"]
[Round "07"]
[TimeControl "180+1"]
[Date "2022.05.11"]
[WhiteClock "0:00:27"]
[BlackClock "0:00:13"]

1. e4 e5 2. Nf3 Nc6 3. Bb5 a6 4. Ba4 Nf6 5. O-O Nxe4 6. d4 b5 7. Bb3 d5 8. a4 b4 9. a5 exd4 10. Ba4 Bd7 11. Bxc6 Bxc6 12. Nxd4 Bd7 13. Qh5 c6 14. Re1 Qf6 15. Be3 Bc5 16. c3 O-O 17. f3 bxc3 18. bxc3 Nxc3 19. Nb3 Bxe3+ 20. Rxe3 Nxb1 21. Rxb1 Rab8 22. Rbe1 d4 23. Rd3 Bf5 24. Rxd4 Rxb3 25. Rf4 Bg6 26. Rxf6 Bxh5 27. Rxc6 Ra3 28. Rxa6 Bg6 29. f4 Bd3 30. Rd6 h5 31. Re3 Ra1+ 32. Kf2 Bc4 33. Re4 Ra2+ 34. Kg1 Be2 35. h3 Ra8 36. Re7 R8xa5 37. Rd8+ Kh7 38. Rxf7 Bc4 39. Rfd7 Rb2 40. Rd2 Raa2 41. Rxb2 Rxb2 42. Rd4 Be6 43. Rd6 Bc8 44. Rd3 Bb7 45. Rg3 g6 46. Rg5 Be4 47. Rg3 Kg7 48. Rg5 Kf6 49. g4 Rg2+ 50. Kf1 h4 51. Re5 Bb7 52. Rc5 Bf3 53. Rc3 Rg3 54. Kf2 Rxh3 55. Rxf3 Rxf3+ 56. Kxf3 g5 57. f5 Ke5 58. Ke3 Kd5 59. Kd3 Ke5 60. Ke3 Kd5 61. Kf3 Ke5 62. Kg2 Kf6 63. Kf1 Ke5 64. Kf2 Kf6 65. Ke3 Ke5 66. Kf3 Kd5 67. Kg2 Ke5 68. Kg1 Kf6 69. Kh2 Ke5 70. Kh1 Kf6 71. Kg1 Ke5 72. Kf1 Kf6 73. Ke1 Ke5 74. Ke2 Kf6 75. Kf3 Ke5 1/2-1/2


[Site "https://www.chess.com"]

[Event "Titled Tuesday Blitz May 10 Early 2022"]
[White "Navalgund, Niranjan"]
[Black "Perez Gormaz, Matias"]
[WhiteFideId "5030854"]
[BlackFideId "3406342"]
[WhiteElo "2290"]
[BlackElo "2341"]
[Result "1-0"]
[Round "07"]
[TimeControl "180+1"]
[Date "2022.05.11"]
[WhiteClock "0:01:12"]
[BlackClock "0:00:01"]

1. e4 d5 2. exd5 Qxd5 3. Nc3 Qd8 4. Bc4 Nf6 5. Nf3 Bf5 6. Ne5 e6 7. d4 Nbd7 8. O-O Nxe5 9. dxe5 Qxd1 10. Rxd1 Nd7 11. Nb5 O-O-O 12. Nxa7+ Kb8 13. Bg5 Kxa7 14. Bxd8 Nxe5 15. Bb3 Bd6 16. Bg5 Nc6 17. Be3+ Kb8 18. f3 h5 19. Rd2 h4 20. Rad1 Ne5 21. Bd4 Rh6 22. Kf2 Nc6 23. Be3 Rg6 24. Rxd6 cxd6 25. Rxd6 Kc7 26. Rd2 e5 27. Bxf7 Rf6 28. Bb3 h3 29. g3 Be4 30. f4 g5 31. Bd5 Bxd5 32. Rxd5 gxf4 33. gxf4 exf4 34. Bd2 Kb6 35. Rh5 Rd6 36. Bxf4 Rd1 37. Be3+ Ka6 38. Rxh3 Ne5 39. Rh6+ Kb5 40. Rh5 Rd5 41. Ke2 Kc6 42. h4 b5 43. Rg5 Kd6 44. Bf4 1-0


[Site "https://www.chess.com"]

[Event "Titled Tuesday Blitz May 10 Early 2022"]
[White "Needleman, Alejandro"]
[Black "Winkels, Marcel"]
[WhiteFideId "100730"]
[BlackFideId "1003887"]
[WhiteElo "2336"]
[BlackElo "1900"]
[Result "1-0"]
[Round "07"]
[TimeControl "180+1"]
[Date "2022.05.11"]
[WhiteClock "0:01:03"]
[BlackClock "0:00:08"]

1. e4 d5 2. exd5 Qxd5 3. Nc3 Qd6 4. d4 Nf6 5. Nf3 c6 6. Be2 Bg4 7. O-O Nbd7 8. Bg5 h6 9. Bh4 e6 10. Bg3 Qb4 11. Rb1 Qb6 12. Ne5 Nxe5 13. dxe5 Bxe2 14. Qxe2 Nd5 15. Ne4 O-O-O 16. a3 h5 17. c4 h4 18. cxd5 hxg3 19. dxc6 gxf2+ 20. Rxf2 Bc5 21. Nxc5 Qxc5 22. cxb7+ Kb8 23. b4 Qb6 24. h3 Rd7 25. Kh1 Qxb7 26. Qg4 g6 27. Rc1 Rh5 28. Rfc2 Rxe5 29. Qf4 f6 30. Qxf6 Qe4 31. Qf8+ Kb7 32. Qc8+ Kb6 33. Qxd7 Rd5 34. Qc6# 1-0


[Site "https://www.chess.com"]

[Event "Titled Tuesday Blitz May 10 Early 2022"]
[White "Nogerbek, Kazybek"]
[Black "Bortnyk, Olexandr"]
[WhiteFideId "13710427"]
[BlackFideId "14120828"]
[WhiteElo "2441"]
[BlackElo "2723"]
[Result "1/2-1/2"]
[Round "07"]
[TimeControl "180+1"]
[Date "2022.05.10"]
[WhiteClock "0:00:04"]
[BlackClock "0:00:03"]

1. Nf3 Nf6 2. c4 b6 3. g3 Bb7 4. Bg2 g6 5. O-O Bg7 6. b3 O-O 7. Bb2 e6 8. Nc3 d5 9. cxd5 exd5 10. e3 Nbd7 11. Ne2 Ba6 12. Rc1 Re8 13. Re1 Nc5 14. Ne5 Ng4 15. Nc6 Qd6 16. Bxg7 Kxg7 17. Nb4 Bxe2 18. Qxe2 Nf6 19. Nc2 Ne6 20. d4 c5 21. dxc5 bxc5 22. Red1 Qe5 23. Ne1 Rac8 24. Qa6 h5 25. Qa5 Qf5 26. Nf3 Ne4 27. Qe1 Red8 28. Nd2 N6g5 29. Qe2 Re8 30. Nxe4 dxe4 31. h4 Nf3+ 32. Kf1 Kh7 33. Rd6 Red8 34. Rcd1 Rxd6 35. Rxd6 Qe5 36. Rd1 Qf6 37. Qc2 Qf5 38. Qc4 Re8 39. Qd5 Re5 40. Qd7 Nh2+ 41. Kg1 Ng4 42. Qxf5 gxf5 43. Rd2 Kg6 44. Bf1 Re7 45. Bc4 Ne5 46. Rd6+ f6 47. Be2 Rc7 48. Kg2 Rc6 49. Rd8 Rc7 50. Rg8+ Kh7 51. Rb8 Kg6 52. Rh8 Kg7 53. Rxh5 Rd7 54. Rxf5 Rd2 55. Bc4 Rxa2 56. Bd5 Ng4 57. Kg1 Ra1+ 58. Kg2 Ra2 59. Kf1 Ra1+ 60. Ke2 Ra2+ 61. Ke1 Ra1+ 62. Ke2 Ra2+ 63. Kf1 Ra1+ 64. Kg2 Ra2 1/2-1/2


[Site "https://www.chess.com"]

[Event "Titled Tuesday Blitz May 10 Early 2022"]
[White "Odegov, Artem"]
[Black "Tuleyeva-Aketayeva, Dana"]
[WhiteFideId "34183644"]
[BlackFideId "13701932"]
[WhiteElo "2286"]
[BlackElo "1875"]
[Result "1-0"]
[Round "07"]
[TimeControl "180+1"]
[Date "2022.05.11"]
[WhiteClock "0:00:27"]
[BlackClock "0:00:02"]

1. d4 Nf6 2. c4 g6 3. Nc3 e6 4. e4 c5 5. d5 exd5 6. cxd5 d6 7. f4 Bg7 8. Bb5+ Nfd7 9. a4 O-O 10. Nf3 Na6 11. O-O Nb4 12. Re1 a6 13. Bf1 Re8 14. Be3 b6 15. Qd2 f5 16. Ng5 Nf6 17. e5 dxe5 18. fxe5 Rxe5 19. Bc4 Kf8 20. Bf4 Rxe1+ 21. Rxe1 h6 22. Ne6+ Bxe6 23. Rxe6 Ra7 24. Bxh6 Kf7 25. d6 Kf8 26. Qg5 Rd7 27. Rxf6+ 1-0


[Site "https://www.chess.com"]

[Event "Titled Tuesday Blitz May 10 Early 2022"]
[White "Omariev, Maksim"]
[Black "Silvestre, Christian"]
[WhiteFideId "4193423"]
[BlackFideId "30956269"]
[WhiteElo "2508"]
[BlackElo "2368"]
[Result "1-0"]
[Round "07"]
[TimeControl "180+1"]
[Date "2022.05.11"]
[WhiteClock "0:00:36"]
[BlackClock "0:00:22"]

1. e4 d5 2. exd5 Qxd5 3. Nc3 Qd6 4. g3 Nf6 5. Bg2 a6 6. d4 Nc6 7. Nge2 Bg4 8. Bf4 Qd7 9. d5 Na5 10. h3 Bh5 11. Qd4 c5 12. Qxc5 b5 13. O-O-O Rc8 14. Qb6 Nc4 15. Qxa6 b4 16. g4 bxc3 17. Nxc3 Bg6 18. Rhe1 Nd6 19. Bxd6 1-0


[Site "https://www.chess.com"]

[Event "Titled Tuesday Blitz May 10 Early 2022"]
[White "Omelja, Artem"]
[Black "Keller, Peter"]
[WhiteFideId "14119846"]
[BlackFideId "1272105"]
[WhiteElo "2382"]
[BlackElo "2275"]
[Result "1-0"]
[Round "07"]
[TimeControl "180+1"]
[Date "2022.05.11"]
[WhiteClock "0:00:04"]
[BlackClock "0:00:06"]

1. d4 Nf6 2. c4 e6 3. Nf3 d5 4. Nc3 c6 5. Bg5 h6 6. Bh4 g5 7. Bg3 dxc4 8. e3 b5 9. a4 b4 10. Nb1 c3 11. bxc3 bxc3 12. Bd3 Ba6 13. O-O Qa5 14. Ne5 Bb4 15. Na3 O-O 16. Nac4 Bxc4 17. Nxc4 Qd8 18. Bc2 Nbd7 19. Ne5 Nxe5 20. Bxe5 Nd7 21. Qd3 f5 22. Qc4 Qe7 23. Rab1 a5 24. Bb3 Rfe8 25. Rbc1 Nxe5 26. dxe5 Rad8 27. Rfd1 Rd5 28. Rd4 Red8 29. Qxc6 Rxd4 30. exd4 Rxd4 31. Bxe6+ Kg7 32. Bxf5 Qxe5 33. Qg6+ Kf8 34. Be6 Ke7 35. Qf7+ Kd6 36. g3 Qxe6 37. Qb7 Rd5 38. Qb6+ Ke7 39. Qc7+ Kf6 40. Qb8 c2 41. Qh8+ Kf7 42. Rxc2 Qe1+ 43. Kg2 Qe4+ 44. Kh3 Qxc2 45. Qh7+ Ke6 46. Qxc2 Re5 47. Qc4+ Kf6 48. Qa6+ Kf5 49. Qxh6 Ke4 50. Qg6+ Kd4 51. Kg2 Bc5 52. Qc6 Kc4 53. Qf3 Rd5 54. Qg4+ Kb3 55. h4 Rd2 56. Qxg5 Rxf2+ 57. Kh3 Kxa4 58. Qxc5 1-0


[Site "https://www.chess.com"]

[Event "Titled Tuesday Blitz May 10 Early 2022"]
[White "Oparin, Grigoriy"]
[Black "Suleymanli, Aydin"]
[WhiteFideId "24125890"]
[BlackFideId "13413937"]
[WhiteElo "2665"]
[BlackElo "2481"]
[Result "1-0"]
[Round "07"]
[TimeControl "180+1"]
[Date "2022.05.10"]
[WhiteClock "0:00:44"]
[BlackClock "0:00:31"]

1. Nf3 d5 2. g3 Bg4 3. Bg2 Nd7 4. O-O c6 5. d3 e6 6. c4 Bd6 7. Nbd2 Ngf6 8. h3 Bh5 9. b3 a5 10. a3 a4 11. b4 O-O 12. Bb2 e5 13. e4 dxe4 14. dxe4 c5 15. b5 Ne8 16. Nb1 Nb6 17. g4 Bg6 18. Nxe5 Bxe5 19. Bxe5 Nxc4 20. Bg3 Ned6 21. Nc3 Re8 22. Qd5 Qa5 23. Rfc1 Red8 24. e5 Nb6 25. Qxc5 Ndc4 26. Nd5 Nxd5 27. Qxc4 Nb6 28. Qc7 Qxb5 29. e6 fxe6 30. Qxb7 Rab8 31. Bxb8 1-0


[Site "https://www.chess.com"]

[Event "Titled Tuesday Blitz May 10 Early 2022"]
[White "Petrov, Martin"]
[Black "Ljukin, Sergei"]
[WhiteFideId "2911086"]
[BlackFideId "14102200"]
[WhiteElo "2343"]
[BlackElo "2312"]
[Result "1-0"]
[Round "07"]
[TimeControl "180+1"]
[Date "2022.05.11"]
[WhiteClock "0:01:04"]
[BlackClock "0:00:07"]

1. Nf3 d5 2. d4 Nf6 3. g3 Bg4 4. Bg2 e6 5. O-O Nbd7 6. b3 Be7 7. Bb2 O-O 8. Nbd2 c5 9. c4 Rc8 10. Rc1 cxd4 11. Bxd4 Bc5 12. Bxc5 Nxc5 13. cxd5 exd5 14. Nd4 Re8 15. h3 Bh5 16. N2f3 Nce4 17. Rc2 Qb6 18. Qc1 Rxc2 19. Qxc2 h6 20. Rc1 Bxf3 21. exf3 Nxg3 22. Qc5 Qxc5 23. Rxc5 Ne2+ 24. Nxe2 Rxe2 25. Rc7 Rxa2 26. Rxb7 Nh5 27. Bf1 Nf4 28. Bb5 Nxh3+ 29. Kg2 Nxf2 30. Kg3 Nd1 31. Be8 Ne3 32. Bxf7+ Kh7 33. Be6 Kg6 34. Kf4 d4 35. Rd7 Kf6 36. Bg8 Nf5 37. Rf7+ Kg6 38. Rxf5 Rb2 39. Bf7+ Kh7 40. Ke4 1-0


[Site "https://www.chess.com"]